 Dungeon Crawl Stone Soup version 0.30.0-19-g36f170ea60 (webtiles) character file.

Game seed: 5193383222343540526

29 Graphine the Covered (level 3, -2/33 HPs)
             Began as a Minotaur Fighter on May 28, 2023.
             Slain by Sigmund
             ... wielding a +0 scythe
              (7 damage)
             ... on level 2 of the Dungeon.
             The game lasted 00:02:56 (697 turns).

Graphine the Covered (Minotaur Fighter)              Turns: 697, Time: 00:02:57

Health: -2/33      AC:  7    Str: 22    XL:     3   Next: 1%
Magic:  2/2        EV:  9    Int:  5    God:
Gold:   78         SH:  0    Dex:  9    Spells: 2/2 levels left

rFire   . . .        a - +0 trident
rCold   . . .        c - +0 buckler
rNeg    . . .        b - +0 scale mail
rPois   .            (helmet restricted)
rElec   .            (no cloak)
rCorr   .            (no gloves)
SInv    .            (no boots)
Will    .....        (no amulet) Stlth
                     (no ring)
HPRegen 0.25/turn    (no ring)
MPRegen 0.08/turn

%: no passive effects
@: confused, mighty
A: horns 2, retaliatory headbutt
a: no special abilities


You were on level 2 of the Dungeon.
You visited 1 branch of the dungeon, and saw 2 of its levels.

You collected 78 gold pieces.

Inventory:

Hand Weapons
 a - a +0 trident (weapon)
Armour
 b - a +0 scale mail (worn)
 c - a +0 buckler (worn)
Scrolls
 i - a scroll of brand weapon {unknown}
 j - a scroll of enchant weapon {unknown}
 l - a scroll of identify {unknown}
Potions
 e - a potion of degeneration {unknown}
 f - a potion of flight {unknown}
 g - a potion of curing {unknown}
 h - a potion of attraction {unknown}
 k - a potion of lignification {unknown}


   Skills:
 * Level 3.8 Fighting
 * Level 2.6 Polearms
 * Level 4.2 Armour
 * Level 0.8 Dodging
 * Level 3.9 Shields
 * Level 0.5 Invocations


You had 2 spell levels left.
You didn't know any spells.
Your spell library contained the following spells:

 Spells                   Type           Power      Damage    Failure   Level
 Sandblast                Erth           0%         2d4       86%         1
 Passwall                 Tmut/Erth      0%         N/A       94%         2
 Stone Arrow              Conj/Erth      0%         3d7       99%         3


Dungeon Overview and Level Annotations

Branches:
Dungeon (2/15)

Altars:

Shops:
D:2 =

Annotations:
D:2 Sigmund


Innate Abilities, Weirdness & Mutations

You have a pair of horns on your head.
You reflexively headbutt those who attack you in melee.


Message History

You puncture the rat!
You kill the rat!
No target in view!
Found an escape hatch in the floor.
You now have 68 gold pieces (gained 9).
Found Sutel's Jewellery Boutique.
You now have 78 gold pieces (gained 10).
There is an escape hatch in the floor here.
There is an entrance to Sutel's Jewellery Boutique here.
k - a metallic red potion
l - a scroll labelled RUSTIENOOPS
Found a stone staircase leading up.
Found a stone staircase leading up.
Found 4 stones.
Found a stone staircase leading down.
Sigmund the Dreaded comes into view.
He is wielding a +0 scythe and wearing a +0 robe of willpower.
Sigmund shouts!
Sigmund gestures wildly while chanting.
Sigmund flickers and vanishes!
Deactivating autopickup; reactivate with Ctrl-A.
No target in view!
No target in view!
Something hits you.
You closely miss something. Something hits you but does no damage.
You puncture something! Something hits you.
You barely miss something. Something hits you.
You hit something. Something hits you.
You closely miss something. Your headbutt misses something. You miss something.
You hear some strange, mumbled words.
You are confused.
You completely miss something. Something hits you!
You feel very mighty all of a sudden. Something hits you but does no damage.
You miss something. Your headbutt misses something. Something hits you!
* * * LOW HITPOINT WARNING * * *
You barely miss something. Your headbutt misses something.
You're too confused to aim your attacks!
You bump into the rock wall.
Something hits you!
You die...

#.## #..##
##..##########
####......#...## #
.###...........#####..
................#....
###..........(....#
................###
................@{#
####<.....#...###.......
#............ ......#
#....######## ###...#
#.<..# ..# ###### .# #


There were no monsters in sight!

Vanquished Creatures
  4 bats
  2 endoplasms
  2 giant cockroaches (D:1)
  2 goblins
  4 hobgoblins (D:1)
  2 jackals (D:1)
  A ball python (D:1)
  3 frilled lizards
  3 kobolds (D:1)
  4 rats
27 creatures vanquished.

Notes
Turn   | Place    | Note
-------+----------+-------------------------------------------
     0 | D:1      | Graphine the Minotaur Fighter began the quest for the Orb.
     0 | D:1      | Reached XP level 1. HP: 19/19 MP: 0/0
    76 | D:1      | Reached XP level 2. HP: 27/27 MP: 1/1
   169 | D:1      | Reached skill level 4 in Armour
   608 | D:2      | Reached XP level 3. HP: 33/33 MP: 2/2
   615 | D:2      | Found Sutel's Jewellery Boutique.
   682 | D:2      | Noticed Sigmund
   697 | D:2      | Slain by Sigmund

Illustrated notes

Levels and vault maps discovered:
D:1:      lightli_arrival_chessboard, layout_rooms, minmay_misc_feat_roman
D:2:      layout_rooms, serial_shops, shop, chequers_serial_rivers_micro_a,
          uniq_sigmund, uniq_jessica

Skill      XL: |  1  2 |
---------------+-------+-----
Armour         | 4 |  4.2
Fighting       | |  3.8
Polearms       | |  2.6
Dodging        | |  0.8
Shields        | |  3.9
Invocations    | |  0.5

Action                     || total
---------------------------++-------
  Melee: Trident           ||    63
         Headbutt          ||     5
    Use: Scroll            ||     1
         Potion            ||     1
 Armour: Scale mail        ||    19
  Dodge: Dodged            ||    22
  Block: Buckler           ||     9
